TOP OF THE 1ST |
Cape Cod Clams batting - Pitching for Otsego Bulldogs : LHP Júlio Gracía
|
Pitching: LHP Júlio Gracía
|
|
Batting: RHB Ramón Morales
|
0-0: Called Strike 0-1: Ball 1-1: Called Strike 1-2: Strikes out swinging
|
Batting: RHB Yasuhiro Kobayashi
|
0-0: Ground out 4-3 (Groundball, 4)
|
Batting: LHB Tony O'Bryan
|
0-0: Ball 1-0: Swinging Strike 1-1: Ball 2-1: SINGLE (Groundball, 34D)
|
Batting: RHB Danny Crouch
|
0-0: Called Strike 0-1: Fly out, F9 (Flyball, 9S)
|
Top of the 1st over - 0 run(s), 1 hit(s), 0 error(s), 1 left on base; Cape Cod 0 - Otsego 0 |
BOTTOM OF THE 1ST |
Otsego Bulldogs batting - Pitching for Cape Cod Clams : LHP Ben Couch
|
Pitching: LHP Ben Couch
|
|
Batting: RHB Jesús Ramírez
|
0-0: Ball 1-0: Ball 2-0: Ball 3-0: Called Strike 3-1: Base on Balls
|
Batting: RHB Juan Pérez
|
0-0: Called Strike 0-1: Ball 1-1: Ball Wild Pitch! Jesús Ramírez to second 2-1: Fly out, F8 (Flyball, 8RS)
|
Batting: RHB Felipe Rodríguez
|
0-0: Foul Ball, location: 2F 0-1: Ball 1-1: Swinging Strike 1-2: Foul Ball, location: 2F 1-2: Strikes out swinging
|
Batting: RHB Armando Cuevas
|
0-0: Called Strike 0-1: DOUBLE (Line Drive, 78XD) Jesús Ramírez scores
|
Batting: RHB Ryosei Yamamoto
|
0-0: Called Strike 0-1: Ball 1-1: SINGLE (Groundball, 56D) Armando Cuevas to third Runner from 3rd tries for Home, SAFE, no throw
|
Batting: RHB Felipe Rego
|
0-0: Fielders Choice at 2nd, 6-4 (Groundball, 56)
|
Bottom of the 1st over - 2 run(s), 2 hit(s), 0 error(s), 0 left on base; Cape Cod 0 - Otsego 2 |
TOP OF THE 2ND |
Cape Cod Clams batting - Pitching for Otsego Bulldogs : LHP Júlio Gracía
|
Batting: RHB António Magana
|
0-0: Swinging Strike 0-1: Ground out 5-3 (Groundball, 56)
|
Batting: RHB Juan Marín
|
0-0: Called Strike 0-1: Ball 1-1: Foul Ball, location: 2F 1-2: Ground out U3 (Groundball, 3)
|
Batting: RHB Vern Carlton
|
0-0: Ball 1-0: Swinging Strike 1-1: Foul Ball, location: 2F 1-2: Foul Ball, location: 2F 1-2: Foul Ball, location: 2F 1-2: Ground out 4-3 (Groundball, 4)
|
Top of the 2nd over - 0 run(s), 0 hit(s), 0 error(s), 0 left on base; Cape Cod 0 - Otsego 2 |
BOTTOM OF THE 2ND |
Otsego Bulldogs batting - Pitching for Cape Cod Clams : LHP Ben Couch
|
Batting: RHB Luis Maldonado
|
0-0: Ball 1-0: Called Strike 1-1: Ground out 4-3 (Groundball, 34)
|
Batting: RHB Kyung-bok Cho
|
0-0: Ball 1-0: Ball 2-0: Ball 3-0: Base on Balls
|
Batting: LHB Martin Davis
|
0-0: Ball Balk! Kyung-bok Cho to second 1-0: Swinging Strike 1-1: Swinging Strike 1-2: Ball 2-2: Strikes out looking
|
Batting: RHB Jesús Ramírez
|
0-0: Ball 1-0: Foul Ball, location: 2F 1-1: SINGLE (Groundball, 5D) Kyung-bok Cho to third Throwing error, E7 Kyung-bok Cho scores Jesús Ramírez to second
|
Batting: RHB Juan Pérez
|
0-0: Ball 1-0: Ball 2-0: Called Strike 2-1: Ball 3-1: Called Strike 3-2: Ground out 6-3 (Groundball, 6)
|
Bottom of the 2nd over - 1 run(s), 1 hit(s), 1 error(s), 1 left on base; Cape Cod 0 - Otsego 3 |
TOP OF THE 3RD |
Cape Cod Clams batting - Pitching for Otsego Bulldogs : LHP Júlio Gracía
|
Batting: SHB Ed Dale
|
0-0: Ball 1-0: Called Strike 1-1: Foul Ball, location: 2F 1-2: Foul Ball, location: 2F 1-2: Strikes out swinging
|
Batting: SHB Dave Lee
|
0-0: Ball 1-0: Ball 2-0: Fly out, F8 (Flyball, 8LXD)
|
Batting: RHB Ramón Morales
|
0-0: Called Strike 0-1: Foul Ball, location: 2F 0-2: Ball 1-2: Strikes out looking
|
Top of the 3rd over - 0 run(s), 0 hit(s), 0 error(s), 0 left on base; Cape Cod 0 - Otsego 3 |
BOTTOM OF THE 3RD |
Otsego Bulldogs batting - Pitching for Cape Cod Clams : LHP Ben Couch
|
Batting: RHB Felipe Rodríguez
|
0-0: Fly out, F6 (Line Drive, 6)
|
Batting: RHB Armando Cuevas
|
0-0: Called Strike 0-1: Ground out 6-3 (Groundball, 6)
|
Batting: RHB Ryosei Yamamoto
|
0-0: Ball 1-0: Fly out, F9 (Line Drive, 89M)
|
Bottom of the 3rd over - 0 run(s), 0 hit(s), 0 error(s), 0 left on base; Cape Cod 0 - Otsego 3 |
TOP OF THE 4TH |
Cape Cod Clams batting - Pitching for Otsego Bulldogs : LHP Júlio Gracía
|
Batting: RHB Yasuhiro Kobayashi
|
0-0: Called Strike 0-1: Ball 1-1: Foul Ball, location: 2F 1-2: Ball 2-2: Ball 3-2: Foul Ball, location: 2F 3-2: Reached on error, E6 (Groundball, 6)
|
Batting: LHB Tony O'Bryan
|
0-0: Swinging Strike 0-1: Ball 1-1: Ball 2-1: Foul Ball, location: 2F 2-2: Ball 3-2: Foul Ball, location: 2F 3-2: Base on Balls
|
Batting: RHB Danny Crouch
|
0-0: Foul Ball, location: 2F 0-1: Ball 1-1: Swinging Strike 1-2: Strikes out swinging
|
Batting: RHB António Magana
|
0-0: Ball 1-0: Ball 2-0: Ball 3-0: Called Strike 3-1: Fly out, F8 (Flyball, 8LXD) Runner from 2nd tags up, SAFE at 3rd, no throw
|
Batting: RHB Juan Marín
|
0-0: Ball 1-0: Ball 2-0: Ball 3-0: Base on Balls Tony O'Bryan to second
|
Batting: RHB Vern Carlton
|
0-0: Called Strike 0-1: Ball 1-1: Ball 2-1: Ball 3-1: Called Strike 3-2: Strikes out swinging
|
Top of the 4th over - 0 run(s), 0 hit(s), 1 error(s), 3 left on base; Cape Cod 0 - Otsego 3 |
BOTTOM OF THE 4TH |
Otsego Bulldogs batting - Pitching for Cape Cod Clams : LHP Ben Couch
|
Batting: RHB Felipe Rego
|
0-0: Ball 1-0: Called Strike 1-1: Swinging Strike 1-2: Strikes out looking
|
Batting: RHB Luis Maldonado
|
0-0: Called Strike 0-1: Ball 1-1: SINGLE (Flyball, 8RM)
|
Batting: RHB Kyung-bok Cho
|
0-0: Ball 1-0: Ball 2-0: Ball 3-0: Called Strike 3-1: Called Strike 3-2: SINGLE (Groundball, 6MD) Luis Maldonado to second Luis Maldonado to third
|
Batting: LHB Martin Davis
|
0-0: Called Strike 0-1: Called Strike 0-2: Ball 1-2: Ball 2-2: Fly out, F7 (Flyball, 7) Runner from 3rd tags up, SCORES, no throw
|
Batting: RHB Jesús Ramírez
|
0-0: Called Strike 0-1: Foul Ball, location: 2F 0-2: Ball 1-2: Foul Ball, location: 2F 1-2: DOUBLE (Groundball, 5L) Kyung-bok Cho to third Runner from 3rd tries for Home, SAFE, no throw
|
Batting: RHB Juan Pérez
|
0-0: Foul Ball, location: 2F 0-1: Swinging Strike 0-2: Ball 1-2: Foul Ball, location: 2F 1-2: Foul Ball, location: 2F 1-2: SINGLE (Flyball, 8RS) Jesús Ramírez to third Runner from 3rd tries for Home, SAFE, no throw
|
Pitching: RHP Miguel Díaz
|
|
Batting: RHB Felipe Rodríguez
|
0-0: Ball 1-0: Called Strike 1-1: SINGLE (Line Drive, 8LS) Juan Pérez to second
|
Batting: RHB Armando Cuevas
|
0-0: Called Strike 0-1: Ball 1-1: Called Strike 1-2: Ball 2-2: Foul Ball, location: 2F 2-2: SINGLE (Groundball, 6MD) Juan Pérez to third Felipe Rodríguez to second Runner from 3rd tries for Home, throw and OUT!
|
Bottom of the 4th over - 3 run(s), 6 hit(s), 0 error(s), 2 left on base; Cape Cod 0 - Otsego 6 |
TOP OF THE 5TH |
Cape Cod Clams batting - Pitching for Otsego Bulldogs : LHP Júlio Gracía
|
Batting: SHB Ed Dale
|
0-0: Ball 1-0: Ground out 6-3 (Groundball, 6)
|
Batting: SHB Dave Lee
|
0-0: Foul Ball, location: 2F 0-1: Foul Ball, location: 2F 0-2: SINGLE (Line Drive, 8LS)
|
Batting: RHB Ramón Morales
|
0-0: Ball 1-0: Called Strike 1-1: Swinging Strike 1-2: Fly out, F8 (Flyball, 8RM)
|
Batting: RHB Yasuhiro Kobayashi
|
0-0: Called Strike 0-1: Foul Ball, location: 2F 0-2: Ball 1-2: Strikes out swinging
|
Top of the 5th over - 0 run(s), 1 hit(s), 0 error(s), 1 left on base; Cape Cod 0 - Otsego 6 |
BOTTOM OF THE 5TH |
Otsego Bulldogs batting - Pitching for Cape Cod Clams : RHP Miguel Díaz
|
Batting: RHB Ryosei Yamamoto
|
0-0: Called Strike 0-1: Swinging Strike 0-2: Strikes out swinging
|
Batting: RHB Felipe Rego
|
0-0: Ball 1-0: Called Strike 1-1: Ball 2-1: Ball 3-1: Foul Ball, location: 2F 3-2: Base on Balls
|
Batting: RHB Luis Maldonado
|
0-0: Ball 1-0: SINGLE (Line Drive, 6D) Felipe Rego to second
|
Batting: RHB Kyung-bok Cho
|
0-0: Called Strike 0-1: Foul Ball, location: 2F 0-2: DOUBLE (Line Drive, 9D) Felipe Rego scores Luis Maldonado to third
|
Batting: LHB Martin Davis
|
0-0: Called Strike 0-1: Foul Ball, location: 2F 0-2: Fly out, F9 (Flyball, 89S) Runner from 3rd tags up, SCORES, no throw
|
Batting: RHB Jesús Ramírez
|
0-0: Called Strike 0-1: Foul Ball, location: 2F 0-2: SINGLE (Flyball, 9LM) Kyung-bok Cho to third Runner from 3rd tries for Home, SAFE, no throw
|
Pitching: RHP Ryan Klein
|
|
Batting: RHB Juan Pérez
|
0-0: Fielders Choice at 2nd, U6 (Groundball, 6M)
|
Bottom of the 5th over - 3 run(s), 3 hit(s), 0 error(s), 1 left on base; Cape Cod 0 - Otsego 9 |
TOP OF THE 6TH |
Cape Cod Clams batting - Pitching for Otsego Bulldogs : LHP Júlio Gracía
|
Batting: LHB Tony O'Bryan
|
0-0: Called Strike 0-1: Ball 1-1: Ball 2-1: Ball 3-1: Base on Balls
|
Pitching: LHP Félix García
|
|
Batting: RHB Danny Crouch
|
0-0: Ground out U3 (Groundball, 2R) Tony O'Bryan to second
|
Batting: RHB António Magana
|
0-0: Called Strike 0-1: Ball 1-1: Ball 2-1: Called Strike 2-2: Ball 3-2: SINGLE (Groundball, 4MD) Tony O'Bryan to third Runner from 3rd tries for Home, SAFE, no throw
|
Batting: RHB Juan Marín
|
0-0: Ball 1-0: Called Strike 1-1: Foul Ball, location: 2F 1-2: Strikes out swinging
|
Batting: RHB Vern Carlton
|
0-0: Called Strike 0-1: Ball 1-1: Ball 2-1: Fielders Choice at 2nd, 5-4 (Groundball, 56)
|
Top of the 6th over - 1 run(s), 1 hit(s), 0 error(s), 0 left on base; Cape Cod 1 - Otsego 9 |
BOTTOM OF THE 6TH |
Otsego Bulldogs batting - Pitching for Cape Cod Clams : RHP Ryan Klein
|
Batting: RHB Felipe Rodríguez
|
0-0: Called Strike 0-1: Foul Ball, location: 2F 0-2: Strikes out swinging
|
Batting: RHB Armando Cuevas
|
0-0: Fly out, F9 (Flyball, 9)
|
Batting: RHB Ryosei Yamamoto
|
0-0: Ball 1-0: Called Strike 1-1: Foul Ball, location: 2F 1-2: SINGLE (Flyball, 9LM)
|
Batting: RHB Felipe Rego
|
0-0: Ball 1-0: Ball 2-0: Ball 3-0: Base on Balls Ryosei Yamamoto to second
|
Batting: RHB Luis Maldonado
|
0-0: Ball 1-0: Swinging Strike 1-1: Fly out, F8 (Flyball, 78D)
|
Bottom of the 6th over - 0 run(s), 1 hit(s), 0 error(s), 2 left on base; Cape Cod 1 - Otsego 9 |
TOP OF THE 7TH |
Cape Cod Clams batting - Pitching for Otsego Bulldogs : LHP Félix García
|
Batting: SHB Ed Dale
|
0-0: Called Strike 0-1: Foul Ball, location: 2F 0-2: Foul Ball, location: 2F 0-2: Ball 1-2: Strikes out looking
|
Batting: SHB Dave Lee
|
0-0: Ball 1-0: Ball 2-0: Ball 3-0: Called Strike 3-1: Called Strike 3-2: DOUBLE (Groundball, 3L)
|
Batting: RHB Ramón Morales
|
0-0: Ground out 6-3 (Groundball, 6)
|
Batting: RHB Yasuhiro Kobayashi
|
0-0: Ground out U3 (Groundball, 34)
|
Top of the 7th over - 0 run(s), 1 hit(s), 0 error(s), 1 left on base; Cape Cod 1 - Otsego 9 |
BOTTOM OF THE 7TH |
Otsego Bulldogs batting - Pitching for Cape Cod Clams : RHP Ryan Klein
|
Batting: RHB Kyung-bok Cho
|
0-0: Ground out 5-3 (Groundball, 56S)
|
Batting: LHB Martin Davis
|
0-0: Called Strike 0-1: Ball 1-1: Ball 2-1: Foul Ball, location: 2F 2-2: Strikes out looking
|
Batting: RHB Jesús Ramírez
|
0-0: Called Strike 0-1: Foul Ball, location: 2F 0-2: Ball 1-2: Ground out 1-3 (Groundball, 15S)
|
Bottom of the 7th over - 0 run(s), 0 hit(s), 0 error(s), 0 left on base; Cape Cod 1 - Otsego 9 |
TOP OF THE 8TH |
Cape Cod Clams batting - Pitching for Otsego Bulldogs : LHP Félix García
|
Now at SS: Fernando Pérez
|
|
Batting: LHB Tony O'Bryan
|
0-0: Called Strike 0-1: Ball 1-1: Ball 2-1: Foul Ball, location: 2F 2-2: Ground out 4-3 (Groundball, 4)
|
Batting: RHB Danny Crouch
|
0-0: Ball 1-0: Ground out 6-3 (Groundball, 6)
|
Batting: RHB António Magana
|
0-0: Foul Ball, location: 2F 0-1: Ball 1-1: Ball 2-1: Ball 3-1: Fly out, F8 (Flyball, 8LM)
|
Top of the 8th over - 0 run(s), 0 hit(s), 0 error(s), 0 left on base; Cape Cod 1 - Otsego 9 |
BOTTOM OF THE 8TH |
Otsego Bulldogs batting - Pitching for Cape Cod Clams : RHP Ryan Klein
|
Batting: RHB Juan Pérez
|
0-0: Called Strike 0-1: Swinging Strike 0-2: Foul Ball, location: 2F 0-2: Ball 1-2: Foul Ball, location: 2F 1-2: Fly out, F7 (Flyball, 7)
|
Batting: RHB Felipe Rodríguez
|
0-0: Called Strike 0-1: SOLO HOME RUN (Flyball, 7D), Distance : 371 ft
|
Batting: RHB Armando Cuevas
|
0-0: Foul Ball, location: 2F 0-1: Ball 1-1: Ball 2-1: Fly out, F3 (Popup, 3S)
|
Batting: RHB Ryosei Yamamoto
|
0-0: Called Strike 0-1: Ball 1-1: Foul Ball, location: 2F 1-2: Ball 2-2: Ground out 4-3 (Groundball, 4)
|
Bottom of the 8th over - 1 run(s), 1 hit(s), 0 error(s), 0 left on base; Cape Cod 1 - Otsego 10 |
TOP OF THE 9TH |
Cape Cod Clams batting - Pitching for Otsego Bulldogs : LHP Félix García
|
Now in CF: Donald White
|
|
Batting: RHB Juan Marín
|
0-0: Foul Ball, location: 2F 0-1: Swinging Strike 0-2: SINGLE (Line Drive, 89M)
|
Batting: RHB Vern Carlton
|
0-0: Ball 1-0: DOUBLE (Line Drive, 7LM) Juan Marín to third
|
Batting: SHB Ed Dale
|
0-0: Called Strike 0-1: Ball 1-1: Swinging Strike 1-2: Ball 2-2: Foul Ball, location: 2F 2-2: Ball 3-2: Foul Ball, location: 2F 3-2: Foul Ball, location: 2F 3-2: Fly out, F9 (Flyball, 89S)
|
Batting: SHB Dave Lee
|
0-0: Hit by Pitch
|
Batting: RHB Ramón Morales
|
0-0: Foul Ball, location: 2F 0-1: Ball 1-1: Ball 2-1: Swinging Strike 2-2: Ball 3-2: Fly out, F9 (Flyball, 9S)
|
Pinch Hitting: SHB Rob Grun
|
0-0: Called Strike 0-1: Ball 1-1: Called Strike 1-2: Foul Ball, location: 2F 1-2: Strikes out looking
|
Top of the 9th over - 0 run(s), 2 hit(s), 0 error(s), 3 left on base; Cape Cod 1 - Otsego 10 |
|